UAA
ATLANTIC CITY SONICS @ PAYNESVILLE PYRAMIDS
08/03/2018
 
TOP OF THE 1ST
Atlantic City Sonics batting - Pitching for Paynesville Pyramids : LHP Leslie Brooks
Pitching: LHP Leslie Brooks
Batting: RHB Thomas Campbell 0-0: Called Strike
0-1: Bunt for hit - play at first, batter OUT! 3-4
Batting: RHB Ethan Stanford 0-0: Ball
1-0: Called Strike
1-1: Foul Ball, location: 2F
1-2: Fly out, F9 (Flyball, 9LM)
Batting: RHB Chris Foreman 0-0: Foul Ball, location: 2F
0-1: Foul Ball, location: 2F
0-2: Strikes out swinging
Top of the 1st over - 0 run(s), 0 hit(s), 0 error(s), 0 left on base; Atlantic City 0 - Paynesville 0
BOTTOM OF THE 1ST
Paynesville Pyramids batting - Pitching for Atlantic City Sonics : RHP Glenn West
Pitching: RHP Glenn West
Batting: RHB Bob Curry 0-0: Called Strike
0-1: Ball
1-1: Swinging Strike
1-2: Ball
2-2: Strikes out swinging
Batting: LHB Greg Robinson 0-0: Ball
1-0: Ball
2-0: SINGLE (Line Drive, 4D)
Batting: RHB Todd Blake 0-0: Called Strike
0-1: Foul Ball, location: 2F
0-2: Ball
1-2: Ball
2-2: SINGLE (Line Drive, 9S)
Greg Robinson to second
Batting: RHB Bill Dennis 0-0: Ball
1-0: Fly out, F3 (Popup, 13)
Batting: RHB Eddie O'Bryan 0-0: Called Strike
0-1: Foul Ball, location: 2F
0-2: Foul Ball, location: 2F
0-2: Strikes out looking
Bottom of the 1st over - 0 run(s), 2 hit(s), 0 error(s), 2 left on base; Atlantic City 0 - Paynesville 0
TOP OF THE 2ND
Atlantic City Sonics batting - Pitching for Paynesville Pyramids : LHP Leslie Brooks
Batting: RHB Joe Smith 0-0: Ball
1-0: Swinging Strike
1-1: Ground out 6-3 (Groundball, 6)
Batting: LHB Pedro López 0-0: Ground out 3-1 (Groundball, 34)
Batting: RHB Jason Duncan 0-0: Fly out, F1 (Line Drive, 13S)
Top of the 2nd over - 0 run(s), 0 hit(s), 0 error(s), 0 left on base; Atlantic City 0 - Paynesville 0
BOTTOM OF THE 2ND
Paynesville Pyramids batting - Pitching for Atlantic City Sonics : RHP Glenn West
Batting: LHB Thatcher Douglas 0-0: Ball
1-0: Ball
2-0: Called Strike
2-1: Ground out 1-3 (Groundball, 15)
Batting: SHB Evan Adams 0-0: Called Strike
0-1: Ball
1-1: Ball
2-1: Fly out, F6 (Popup, 6S)
Batting: LHB José Durán 0-0: Ball
1-0: Called Strike
1-1: Ball
2-1: Ground out 6-3 (Groundball, 6)
Bottom of the 2nd over - 0 run(s), 0 hit(s), 0 error(s), 0 left on base; Atlantic City 0 - Paynesville 0
TOP OF THE 3RD
Atlantic City Sonics batting - Pitching for Paynesville Pyramids : LHP Leslie Brooks
Batting: LHB Kip Burks 0-0: Ball
1-0: Called Strike
1-1: SINGLE (Line Drive, 7S)
Batting: RHB Michael Bucknell 0-0: Called Strike
0-1: Swinging Strike
0-2: Strikes out swinging
Batting: RHB António Granados 0-0: Swinging Strike
0-1: SINGLE (Line Drive, 34)
Kip Burks to second
Batting: RHB Thomas Campbell 0-0: Called Strike
0-1: Ball
1-1: Ball
2-1: Ball
3-1: SINGLE (Groundball, 6MD)
Kip Burks to third
António Granados to second
Runner from 3rd tries for Home, SAFE, no throw or cutoff
Batting: RHB Ethan Stanford 0-0: Called Strike
0-1: Foul Ball, location: 2F
0-2: Foul Ball, location: 2F
0-2: Strikes out swinging
Batting: RHB Chris Foreman 0-0: Called Strike
0-1: Ball
1-1: Called Strike
1-2: Fly out, F7 (Flyball, 7M)
Top of the 3rd over - 1 run(s), 3 hit(s), 0 error(s), 2 left on base; Atlantic City 1 - Paynesville 0
BOTTOM OF THE 3RD
Paynesville Pyramids batting - Pitching for Atlantic City Sonics : RHP Glenn West
Batting: RHB Leonardo Ortega 0-0: Swinging Strike
0-1: DOUBLE (Line Drive, 4MD)
Batting: RHB Bob Curry 0-0: Foul Ball, location: 2F
0-1: Called Strike
0-2: Ball
1-2: Ball
2-2: Strikes out swinging
Batting: LHB Greg Robinson 0-0: Ground out 4-3 (Groundball, 4)
Leonardo Ortega to third
Batting: RHB Todd Blake 0-0: DOUBLE (Line Drive, 7LS)
Leonardo Ortega scores
Batting: RHB Bill Dennis 0-0: Called Strike
0-1: Ball
1-1: Swinging Strike
1-2: Ball
2-2: SINGLE (Groundball, 56D) (infield hit)
Todd Blake to third
Batting: RHB Eddie O'Bryan 0-0: Ball
1-0: Swinging Strike
1-1: DOUBLE (Line Drive, 78M)
Todd Blake scores
Bill Dennis to third
Runner from 3rd tries for Home, SAFE, no throw or cutoff
Batting: LHB Thatcher Douglas 0-0: Called Strike
0-1: Fly out, F9 (Flyball, 9S)
Bottom of the 3rd over - 3 run(s), 4 hit(s), 0 error(s), 1 left on base; Atlantic City 1 - Paynesville 3
TOP OF THE 4TH
Atlantic City Sonics batting - Pitching for Paynesville Pyramids : LHP Leslie Brooks
Batting: RHB Joe Smith 0-0: Ball
1-0: Ball
2-0: Ball
3-0: Called Strike
3-1: Swinging Strike
3-2: Foul Ball, location: 2F
3-2: Base on Balls
Batting: LHB Pedro López 0-0: Ball
1-0: Fielders Choice at 2nd, 4-6 (Groundball, 4M)
Batting: RHB Jason Duncan 0-0: Ball
1-0: Grounds into double play, 6-4-3 (Groundball, 6)
Top of the 4th over - 0 run(s), 0 hit(s), 0 error(s), 0 left on base; Atlantic City 1 - Paynesville 3
BOTTOM OF THE 4TH
Paynesville Pyramids batting - Pitching for Atlantic City Sonics : RHP Glenn West
Batting: SHB Evan Adams 0-0: Foul Ball, location: 2F
0-1: Ball
1-1: Foul Ball, location: 2F
1-2: Strikes out swinging
Batting: LHB José Durán 0-0: Swinging Strike
0-1: Called Strike
0-2: Strikes out looking
Batting: RHB Leonardo Ortega 0-0: Ball
1-0: Foul Ball, location: 2F
1-1: Swinging Strike
1-2: Ball
2-2: Strikes out swinging
Bottom of the 4th over - 0 run(s), 0 hit(s), 0 error(s), 0 left on base; Atlantic City 1 - Paynesville 3
TOP OF THE 5TH
Atlantic City Sonics batting - Pitching for Paynesville Pyramids : LHP Leslie Brooks
Batting: LHB Kip Burks 0-0: Foul Ball, location: 2F
0-1: Fly out, F2 (Popup, 2LF)
Batting: RHB Michael Bucknell 0-0: Ball
1-0: Ground out U3 (Groundball, 3S)
Batting: RHB António Granados 0-0: Ball
1-0: Ball
2-0: Ball
3-0: Foul Ball, location: 2F
3-1: Foul Ball, location: 2F
3-2: Ground out 6-3 (Groundball, 6M)
Top of the 5th over - 0 run(s), 0 hit(s), 0 error(s), 0 left on base; Atlantic City 1 - Paynesville 3
BOTTOM OF THE 5TH
Paynesville Pyramids batting - Pitching for Atlantic City Sonics : RHP Glenn West
Batting: RHB Bob Curry 0-0: Called Strike
0-1: Ball
1-1: Ground out 1-3 (Groundball, 13)
Batting: LHB Greg Robinson 0-0: Foul Ball, location: 2F
0-1: Foul Ball, location: 2F
0-2: Fly out, F7 (Popup, 6D)
Batting: RHB Todd Blake 0-0: Swinging Strike
0-1: Ball
1-1: Ball
2-1: Swinging Strike
2-2: Foul Ball, location: 2F
2-2: Foul Ball, location: 2F
2-2: SOLO HOME RUN (Flyball, 7D), Distance : 369 ft
Batting: RHB Bill Dennis 0-0: Called Strike
0-1: Fly out, F9 (Flyball, 9M)
Bottom of the 5th over - 1 run(s), 1 hit(s), 0 error(s), 0 left on base; Atlantic City 1 - Paynesville 4
TOP OF THE 6TH
Atlantic City Sonics batting - Pitching for Paynesville Pyramids : LHP Leslie Brooks
Batting: RHB Thomas Campbell 0-0: SINGLE (Line Drive, 78S)
Batting: RHB Ethan Stanford 0-0: Swinging Strike
0-1: Ball
Throwing error on steal attempt, E2
Thomas Campbell to third
1-1: Called Strike
1-2: Ball
2-2: Strikes out swinging
Batting: RHB Chris Foreman 0-0: Called Strike
0-1: Called Strike
0-2: SINGLE (Line Drive, 9LS)
Thomas Campbell scores
Batting: RHB Joe Smith 0-0: Ball
1-0: Ball
2-0: Called Strike
2-1: Foul Ball, location: 2F
2-2: Strikes out swinging
Batting: LHB Pedro López 0-0: Ball
1-0: Called Strike
1-1: Called Strike
1-2: Strikes out swinging
Top of the 6th over - 1 run(s), 2 hit(s), 1 error(s), 1 left on base; Atlantic City 2 - Paynesville 4
BOTTOM OF THE 6TH
Paynesville Pyramids batting - Pitching for Atlantic City Sonics : RHP Glenn West
Batting: RHB Eddie O'Bryan 0-0: Ball
1-0: Called Strike
1-1: SINGLE (Groundball, 4MD)
Batting: LHB Thatcher Douglas 0-0: Called Strike
0-1: Called Strike
0-2: Ball
1-2: Foul Ball, location: 2F
1-2: Ball
2-2: Foul Ball, location: 2F
2-2: Grounds into double play, 4-6-3 (Groundball, 4)
Batting: SHB Evan Adams 0-0: Ball
1-0: Fly out, F7 (Flyball, 78M)
Bottom of the 6th over - 0 run(s), 1 hit(s), 0 error(s), 0 left on base; Atlantic City 2 - Paynesville 4
TOP OF THE 7TH
Atlantic City Sonics batting - Pitching for Paynesville Pyramids : LHP Leslie Brooks
Batting: RHB Jason Duncan 0-0: Ball
1-0: Foul Ball, location: 2F
1-1: Ball
2-1: Swinging Strike
2-2: Foul Ball, location: 2F
2-2: Ground out 5-3 (Groundball, 5S)
Batting: LHB Kip Burks 0-0: Called Strike
0-1: Swinging Strike
0-2: Ball
1-2: Fly out, F4 (Line Drive, 4D)
Batting: RHB Michael Bucknell 0-0: Called Strike
0-1: Called Strike
0-2: Strikes out looking
Top of the 7th over - 0 run(s), 0 hit(s), 0 error(s), 0 left on base; Atlantic City 2 - Paynesville 4
BOTTOM OF THE 7TH
Paynesville Pyramids batting - Pitching for Atlantic City Sonics : RHP Glenn West
Batting: LHB José Durán 0-0: Called Strike
0-1: Ball
1-1: Called Strike
1-2: Ground out 4-3 (Groundball, 4M)
Batting: RHB Leonardo Ortega 0-0: Fly out, F4 (Popup, 4MD)
Batting: RHB Bob Curry 0-0: Ball
1-0: Ball
2-0: Foul Ball, location: 2F
2-1: Fly out, F8 (Flyball, 8LM)
Bottom of the 7th over - 0 run(s), 0 hit(s), 0 error(s), 0 left on base; Atlantic City 2 - Paynesville 4
TOP OF THE 8TH
Atlantic City Sonics batting - Pitching for Paynesville Pyramids : LHP Leslie Brooks
Now at C: Clarence Teague
Batting: RHB António Granados 0-0: Foul Ball, location: 2F
0-1: Called Strike
0-2: Foul Ball, location: 2F
0-2: Ball
1-2: Ball
2-2: Ball
3-2: Foul Ball, location: 2F
3-2: Foul Ball, location: 2F
3-2: Foul Ball, location: 2F
3-2: Base on Balls
Pitching: RHP Stanley Griffin
Batting: RHB Thomas Campbell 0-0: Ball
1-0: Fielders Choice at 2nd, 4-6 (Groundball, 4)
Pitching: RHP Steve Bryan
Batting: RHB Ethan Stanford 0-0: Ball
1-0: Ball
2-0: Foul Ball, location: 2F
2-1: Foul Ball, location: 2F
2-2: Foul Ball, location: 2F
2-2: SINGLE (Line Drive, 3D)
Thomas Campbell to second
Pinch Hitting: LHB Jim Unknown 0-0: Called Strike
0-1: Hit by Pitch
Thomas Campbell to third
Ethan Stanford to second
Batting: RHB Joe Smith 0-0: Foul Ball, location: 2F
0-1: Ball
1-1: Ball
2-1: Grounds into double play, 6-4-3 (Groundball, 6)
Top of the 8th over - 0 run(s), 1 hit(s), 0 error(s), 2 left on base; Atlantic City 2 - Paynesville 4
BOTTOM OF THE 8TH
Paynesville Pyramids batting - Pitching for Atlantic City Sonics : RHP Glenn West
Now at 2B: Marty Hayden
Batting: LHB Greg Robinson 0-0: Ball
1-0: Fly out, F6 (Line Drive, 6D)
Batting: RHB Todd Blake 0-0: Ball
1-0: SINGLE (Groundball, 56)
Batting: RHB Bill Dennis 0-0: Fly out, F9 (Flyball, 89D)
Batting: RHB Eddie O'Bryan 0-0: Swinging Strike
0-1: Ball
1-1: Ball
2-1: Foul Ball, location: 2F
2-2: Strikes out swinging
Bottom of the 8th over - 0 run(s), 1 hit(s), 0 error(s), 1 left on base; Atlantic City 2 - Paynesville 4
TOP OF THE 9TH
Atlantic City Sonics batting - Pitching for Paynesville Pyramids : RHP Steve Bryan
Pitching: LHP Tomás Torres
Batting: LHB Pedro López 0-0: Ball
1-0: Ball
2-0: Foul Ball, location: 2F
2-1: Foul Ball, location: 2F
2-2: Fly out, F7 (Flyball, 7LD)
Batting: RHB Jason Duncan 0-0: Ball
1-0: Swinging Strike
1-1: Ball
2-1: Fly out, F7 (Flyball, 78M)
Batting: LHB Kip Burks 0-0: Swinging Strike
0-1: Called Strike
0-2: Strikes out swinging
Top of the 9th over - 0 run(s), 0 hit(s), 0 error(s), 0 left on base; Atlantic City 2 - Paynesville 4
This league is powered by Out of the Park Baseball, the baseball management simulation game for PC, Mac and Linux
Monday, May 4th, 2015 - OOTP Baseball 15.6 Build 34